 Dungeon Crawl Stone Soup version 0.9-b1-92-g219e5d4 character file.

348 vogonpoet the Caller (level 5, 0/35 HPs)
             Began as a Vampire Summoner on Aug 5, 2011.
             Slain by a giant frog (5 damage)
             ... in the sewers.
             The game lasted 00:20:20 (4094 turns).

vogonpoet the Caller (Vampire Summoner)             Turns: 4094, Time: 00:20:20

HP   0/35        AC  4     Str  7      XL: 5   Next: 26%
MP   5/11        EV 13     Int 18      God:
Gold 166         SH  0     Dex 14      Spells:  3 memorised,  4 levels left

Res.Fire  : . . .   See Invis. : +   x - +2 elf sabre
Res.Cold  : . . .   Warding    : . . a - +0 robe
Life Prot.: . . .   Conserve   : .   (no shield)
Res.Acid. : . . .   Res.Corr.  : .   (no helmet)
Res.Poison: .       Clarity    : .   h - +1 cloak
Res.Elec. : .       Spirit.Shd : .   (no gloves)
Sust.Abil.: . .     Stasis     : .   (no boots)
Res.Mut.  : .       Ctrl.Telep.: .   (no amulet)
Res.Rott. : +       Levitation : .   (no ring)
Saprovore : . . .   Ctrl.Flight: .   (no ring)

@: regenerating quickly, slightly resistant to hostile enchantments, unstealthy
A: fangs 3, see invisible, unbreathing
a: no special abilities


You were in the sewers.
You were very full.

You visited 1 branch of the dungeon, and saw 3 of its levels.
You visited 1 portal chamber: sewer.

You collected 146 gold pieces.

Inventory:

Hand weapons
 e - a +0,+0 dagger
 f - a +0,+0 orcish short sword
 u - a -1,+0 orcish dagger
 v - a +0,+0 sling
 w - a +1,+0 dagger
 x - a +2,+2 elven sabre (weapon)
 y - a -1,+1 orcish dagger
 C - a +0,+0 dagger
 E - a -1,+2 orcish falchion
 F - a -1,+0 orcish dagger
Missiles
 n - 19 +0 darts (quivered)
 q - 23 +0 sling bullets
 D - a poisoned +0 needle
Armour
 a - a +0 robe (worn)
 h - a +1 cloak (worn)
Scrolls
 c - 3 scrolls of identify {unknown}
 g - 2 scrolls of curse weapon {unknown}
 j - 4 scrolls of blinking {unknown}
 o - 3 scrolls of enchant weapon II {unknown}
 p - a scroll of teleportation {unknown}
 t - 3 scrolls of fog {unknown}
 A - a scroll of detect curse {unknown}
 B - a scroll of remove curse {unknown}
 G - a scroll of amnesia {unknown}
 H - a scroll of curse jewellery {unknown}
 I - a scroll of recharging {unknown}
Potions
 d - 3 potions of brilliance {unknown}
 i - 6 potions of healing
 k - a potion of restore abilities {unknown}
 l - a potion of invisibility {unknown}
 m - a potion of levitation {unknown}
 r - 2 potions of heal wounds {unknown}
 s - a potion of speed {unknown}
 z - a potion of blood
Books
 b - a book of Callings

   Spells                             Type                      Level
   *Summon Small Mammals              Summoning                    1
   *Call Imp                          Summoning                    2
   *Call Canine Familiar              Summoning                    3
   Summon Scorpions                   Summoning/Poison             4
   Summon Ice Beast                   Ice/Summoning                4


   Skills:
 + Level 1 Fighting
 - Level 1 Short Blades
 - Level 3 Dodging
 - Level 4 Stealth
 - Level 1 Stabbing
 - Level 1 Unarmed Combat
 + Level 3 Spellcasting
 + Level 5 Summonings


You had 4 spell levels left.
You knew the following spells:

 Your Spells              Type           Power        Success   Level  Hunger
a - Summon Small Mammals  Summ           ####.        Excellent   1    None
b - Call Imp              Summ           ####......   Excellent   2    Choko
c - Call Canine Familiar  Summ           ####......   Great       3    Choko

Dungeon Overview and Level Annotations

Branches:
Dungeon (3/27)

Altars:


Innate Abilities, Weirdness & Mutations

Your natural rate of healing is unusually fast.
You have razor-sharp teeth.
You have supernaturally acute eyesight.
You do not need to breathe.
Press '!' to toggle between mutations and properties depending on your hunger status.


Message History

The giant frog hits your imp but does no damage.
The giant frog barely misses your imp. The giant frog hits your imp.
The giant frog misses you.
Your small snake zombie bites the giant frog.
The giant frog hits you.
* * * LOW HITPOINT WARNING * * *
The giant frog hits you.
* * * LOW HITPOINT WARNING * * *
There is some shallow water here.
Your imp disappears in a puff of smoke!
Your white imp misses the giant frog.
Your white imp closely misses the giant frog.
The giant frog hits your white imp! The giant frog hits your white imp.
The giant frog hits your white imp.
Your white imp dies!
Your small snake zombie barely misses the giant frog.
The giant frog hits you.
* * * LOW HITPOINT WARNING * * *
The giant frog hits you.
You die...

#######################
###.≈≈≈≈≈≈≈≈≈≈≈≈≈≈≈≈≈....
##....≈≈≈≈≈≈≈z≈≈≈≈≈≈≈≈....
##.....≈≈≈≈≈≈F§≈≈≈≈≈≈≈≈.%.%
#......≈≈≈@F≈≈z≈≈≈≈≈≈≈≈....
##......≈≈≈≈≈≈≈≈≈≈≈≈≈≈≈≈≈...
#.......≈≈≈≈≈≈≈≈≈≈≈≈≈≈≈≈≈%..
#.....#####################+
##....#### #.....'..#
#....##..# #....#####
#.....#


You could see 2 giant frogs, a friendly small snake zombie and a friendly grey
rat zombie.

Vanquished Creatures
  A snake (D:3)
  9 grey rats
  An ooze (Sewer)
  An orc (D:3)
  11 bats
  2 giant cockroaches
  A hobgoblin (D:2)
  A kobold (D:2)
  2 giant newts
  4 goblins
  12 rats
  3 small snakes
48 creatures vanquished.

Vanquished Creatures (collateral kills)
  2 green rats (Sewer)
  8 snakes
  10 grey rats (Sewer)
  A giant gecko (D:1)
  2 oozes
  An orc (D:3)
  A bat (D:1)
  3 goblins
  7 hobgoblins
  4 kobolds
  6 giant newts
  5 rats
  14 small snakes
64 creatures vanquished.

Vanquished Creatures (others)
  An imp (Sewer)
  An iron imp (Sewer)
  A shadow imp (Sewer)
  2 white imps (Sewer)
  2 grey rats
  2 jackals
  A quokka (D:1)
  7 bats (D:1)
  A grey rat skeleton (Sewer)
  A grey rat zombie (Sewer)
  9 rats
  2 small snake zombies (Sewer)
  A toadstool (D:1)
31 creatures vanquished.

Grand Total: 143 creatures vanquished

Notes
Turn   | Place    | Note
--------------------------------------------------------------
     0 | D:1      | vogonpoet, the Vampire Summoner, began the quest for the Orb.
     0 | D:1      | Reached XP level 1. HP: 13/13 MP: 4/4
   499 | D:1      | Reached XP level 2. HP: 19/19 MP: 3/5
   799 | D:1      | Reached skill level 5 in Summonings
  2445 | D:2      | Reached XP level 3. HP: 24/24 MP: 6/6
  2452 | D:2      | Learned a level 3 spell: Call Canine Familiar
  3277 | D:3      | Reached skill level 1 in Short Blades
  3366 | D:3      | Found a glowing drain.
  3378 | D:3      | Reached XP level 4. HP: 30/30 MP: 5/8 3396
                  | sewer
                  | Entered the sewers 3453
                  | sewer
                  | Learned a level 2 spell: Call Imp 3661
                  | sewer
                  | Reached skill level 1 in Fighting 3786
                  | sewer
                  | Reached skill level 1 in Stabbing 4000
                  | sewer
                  | Reached XP level 5. HP: 35/35 MP: 8/10 4094
                  | sewer
                  | Slain by a giant frog
